 Dungeon Crawl Stone Soup version 0.16-b1 (webtiles) character file.

49 Fluffy the Charmwright (level 3, -1/25 HPs)
             Began as a High Elf Skald on Mar 14, 2015.
             Slain by Sigmund
             ... wielding a +0 scythe
              (8 damage)
             ... on level 2 of the Dungeon.
             The game lasted 00:05:20 (1971 turns).

Fluffy the Charmwright (High Elf Skald)             Turns: 1971, Time: 00:05:20

Health: -1/25      AC:  3    Str: 11    XL:     3   Next: 53%
Magic:  3/8        EV: 17    Int: 16    God:
Gold:   141        SH:  0    Dex: 15    Spells: 3 memorised, 2 levels left

rFire  . . .     SeeInvis .     e - +0 short sword (speed)
rCold  . . .     Clarity  .     b - +0 leather armour
rNeg   . . .     SustAb   .     (no shield)
rPois  .         Gourm    .     (no helmet)
rElec  .         Spirit   .     (no cloak)
rCorr  .         Warding  .     (no gloves)
rMut   +         Stasis   .     (no boots)
MR     .....                    j - amulet of resist mutation
Stlth  +.........               (no ring)
                                n - +5 ring of evasion

@: infused, not resistant to hostile enchantments, very unstealthy
A: no striking features
a: no special abilities


You were on level 2 of the Dungeon.
You were not hungry.

You visited 1 branch of the dungeon, and saw 2 of its levels.

You collected 141 gold pieces.

Inventory:

Hand weapons
 a - a +0 falchion
 e - a +0 short sword of speed (weapon)
Armour
 b - a +0 leather armour (worn)
Jewellery
 j - an amulet of resist mutation (around neck)
 n - a +5 ring of evasion (left hand)
Scrolls
 f - 2 scrolls of magic mapping {unknown}
 g - 2 scrolls of noise {unknown}
 h - 3 scrolls of remove curse
 l - a scroll of identify
 m - a scroll of blinking {unknown}
 p - a scroll of enchant weapon {unknown}
 s - 3 scrolls of teleportation {unknown}
Potions
 k - 2 potions of flight
 o - a potion of brilliance
 r - a potion of lignification
Books
 c - a book of Battle

   Spells                             Type                      Level
   a - Infusion                       Charms                       1
   b - Shroud of Golubria             Charms/Translocation         2
   c - Song of Slaying                Charms                       2
   d - Spectral Weapon                Hexes/Charms                 3
   e - Regeneration                   Charms/Necromancy            3
Comestibles
 d - 2 bread rations
 i - a beef jerky
 q - 2 meat rations


   Skills:
 + Level 2.5 Fighting
 + Level 3.0 Long Blades
 - Level 0.8 Armour
 + Level 2.0 Dodging
 + Level 2.7 Spellcasting
 + Level 4.1 Charms


You had 2 spell levels left.
You knew the following spells:

 Your Spells              Type           Power        Failure   Level  Hunger
a - Infusion              Chrm           ###...       6%          1    #......
b - Song of Slaying       Chrm           ###.....     10%         2    ##.....
c - Shroud of Golubria    Chrm/Tloc      #.........   17%         2    ##.....


Dungeon Overview and Level Annotations

Branches:
Dungeon (2/15)

Altars:

Annotations:
D:2 Sigmund


Message History

o - a potion of brilliance Drink which item? (? for menu, Esc to quit)
Okay, then.
Read which item? (? for menu, Esc to quit)
Identify which item? (\ to view known items) (? for menu, Esc to quit)
As you read the scroll of identify, it crumbles to dust.
r - a potion of lignification Sigmund mumbles some strange words.
Sigmund flickers and vanishes!
Deactivating autopickup; reactivate with Ctrl-A.
Something hits you.
* * * LOW HITPOINT WARNING * * *
Your shroud begins to fray at the edges.
Something barely misses you.
You hit something. You barely miss something. Something closely misses you.
You hit something. You miss something. You hit something. Something hits you!
You die...

## #.#
###...### #
# #.#
#.......# #
# #.#
#..@....# #
## #.#
#......(#
## .## #.#
#.....###
##.
..######.#
######..#
#..
.........#
##.# ##.##
##.
..########
#.##
##.######..
### #@#
#..†.....#
# #{##
##.########
# ##.##
##.## # #
##.###.## #
# ##...##
## # #####
#. ### #.
..#########
#.
..........#
# #.


There were no monsters in sight!

Vanquished Creatures
  2 adders (D:2)
  A giant gecko (D:2)
  2 ball pythons (D:2)
  2 giant cockroaches
  4 goblins
  7 hobgoblins
  4 kobolds (D:1)
  4 bats (D:1)
  A giant newt (D:2)
  6 rats
33 creatures vanquished.

Notes
Turn   | Place    | Note
--------------------------------------------------------------
     0 | D:1      | Fluffy, the High Elf Skald, began the quest for the Orb.
     0 | D:1      | Reached XP level 1. HP: 14/14 MP: 4/4
   589 | D:1      | Reached XP level 2. HP: 19/19 MP: 1/6
   602 | D:1      | Learned a level 2 spell: Song of Slaying
   605 | D:1      | Learned a level 2 spell: Shroud of Golubria
  1344 | D:2      | Reached skill level 4 in Charms
  1354 | D:2      | Reached XP level 3. HP: 17/25 MP: 5/8
  1904 | D:2      | Noticed Sigmund
  1971 | D:2      | Slain by Sigmund

Action                   || total
-------------------------++-------
Melee: Short sword       ||    93
       Falchion          ||     3
 Cast: Infusion          ||    16
       Shroud of Golubri ||     1
  Use: Scroll            ||     4
 Stab: Sleeping          ||     1
  Eat: Chunk             ||     3
